[Event "Festival Groningen-A 2024"]
[Site "Groningen"]
[Date "2024.12.21"]
[Round "1.1"]
[White "Narayanan S L"]
[Black "Madularea, David"]
[Result "1-0"]
[ECO "E71"]
[WhiteElo "2647"]
[BlackElo "2245"]
[Annotator "TA"]
[PlyCount "53"]
[EventDate "2024.12.21"]
[EventType "swiss"]
[EventCountry "NED"]
[SourceTitle "playchess.com"]
[Source "ChessBase"]
[SourceQuality "1"]
[TimeControl "40/5400+30:1800+30"]

1. d4 Nf6 2. c4 g6 3. Nc3 Bg7 4. e4 d6 5. h3 e5 6. d5 Nbd7 7. Be3 Nc5 8. Qc2 a5 9. O-O-O b6 10. g4 h5 11. g5 Nh7 12. Nf3 f6 {[%emt 0:02:31] [#]} 13. Rg1 (13. gxf6 $1 $16 Bxf6 (13... Qxf6 14. Be2 $16) 14. Be2) 13... fxg5 $14 14. Nxg5 Nxg5 15. Bxg5 Qd7 16. h4 O-O (16... Qf7 $11) 17. Be3 Kh7 18. Be2 {[%emt 0:02:10] With the idea Rg2.} Bf6 $2 (18... Bh6 $11 {and Black stays safe.}) 19. f4 $18 {[%emt 0:03:39][%cal Of4f5] Black must now prevent f5!.} Qh3 20. Bxc5 bxc5 21. f5 $1 gxf5 (21... Qe3+ 22. Kb1 gxf5) 22. Bxh5 f4 {[%emt 0:01:20] [#]} (22... Kh8 $16) 23. Rd3 $1 f3 $2 (23... Qxh4 {keeps fighting.} 24. Qd1 Bg7) 24. Rxf3 Qxh4 {[%emt 0:00:43] [#]} 25. Qg2 $1 Qxh5 {[%emt 0:03:02] [#]} (25... Qg5+ 26. Qxg5) 26. Rxf6 $1 Bg4 27. Rxf8 (27. Qxg4 $2 {loses.} Qxg4 28. Rxg4 Rxf6 $19) 1-0

[Event "Festival Groningen-A 2024"]
[Site "Groningen"]
[Date "2024.12.21"]
[Round "1.2"]
[White "Mostertman, Milan"]
[Black "Kazakouski, Valery"]
[Result "1/2-1/2"]
[ECO "B90"]
[WhiteElo "2244"]
[BlackElo "2567"]
[Annotator "TA"]
[PlyCount "104"]
[EventDate "2024.12.21"]
[EventType "swiss"]
[EventCountry "NED"]
[SourceTitle "playchess.com"]
[Source "ChessBase"]
[SourceQuality "1"]
[TimeControl "40/5400+30:1800+30"]

1. e4 c5 2. Nf3 d6 3. d4 cxd4 4. Nxd4 Nf6 5. Nc3 a6 6. Be3 e5 7. Nf3 Be7 8. Bc4 O-O 9. O-O h6 10. Nd5 Nxd5 11. Bxd5 Nd7 12. c4 Nf6 13. b3 Qc7 14. Rc1 Bd7 15. h3 Rac8 16. a4 Qb8 17. a5 Nxd5 18. exd5 f5 19. Bb6 e4 20. Nd4 Bg5 21. Rc3 Rce8 22. f4 exf3 23. Rcxf3 (23. Qxf3 Re4 $11) 23... Qc8 24. Qd3 Re5 25. Ne2 Qe8 26. Nc3 f4 27. Bc7 (27. Qd2 $11) 27... Bf5 $15 28. Qd4 Qd7 29. Qb6 Be7 (29... Rf6 $15 {deserves consideration.} 30. c5 Rg6 (30... dxc5 31. Qxc5 $11)) 30. c5 $1 $11 (30. Qxb7 Rc8 31. Rxf4 Bd3 $19 (31... Rxc7 32. Qxa6 Bxh3 33. Nb5 $17)) 30... g5 31. b4 Rc8 32. cxd6 {[%emt 0:00:38][%cal Og2g4] [#] g4! would now be deadly.} Bf6 (32... Bf8 $5) 33. Qxb7 Rce8 34. Qxa6 {[%emt 0:01:19] Bb6 is the strong threat.} Re3 $1 {[%emt 0:00:10] [#]} 35. Rxe3 (35. Nd1 $1 $16 Rxf3 (35... Bd3 $2 36. Qc6 $18) 36. Rxf3) 35... Rxe3 {[%emt 0:00:02] The position is equal.} 36. Nd1 Rg3 37. Qc6 {[%emt 0:01:37] Hoping for Qxd7.} Bd4+ {[%emt 0:01:48] This pair of bishops is nice.} 38. Kh1 $1 Qxc6 39. dxc6 Be4 {[%emt 0:00:38][%csl LRc6,LRg2,LRh3] Prevents Rf3} 40. Rf3 $1 Rxf3 (40... Bxf3 $2 {is the wrong capture.} 41. gxf3 Kf7 42. d7 Rxh3+ 43. Kg2 Rg3+ 44. Kh2 $18) 41. gxf3 Bxf3+ {[%emt 0:00:07][%mdl 4096] Endgame. KBB-KBN} 42. Kh2 Bxc6 43. Bb6 Be5 44. Bc5 Kf7 45. Nf2 Ke6 46. a6 Bxd6 47. Bxd6 Kxd6 {[%emt 0:00:08] KB-KN} 48. Ng4 h5 49. Nf6 Ke6 50. Nxh5 Kf5 {[%emt 0:02:38] ( -> ...Kg6)} (50... Kf7 $5 51. Ng3 fxg3+ 52. Kxg3 Kg6 $11) 51. Ng3+ fxg3+ 52. Kxg3 Bb5 {[%emt 0:00:31] Weighted Error Value: White=0.08 (flawless) /Black=0.06 (flawless) .  Mistake:       	White=2     	Black=1      Inaccurate:     	White=2     	Black=1      OK:         	White=11    	Black=22     Best:        	White=1     	Black=3      Strong:       	White=3     	Black=1} 1/2-1/2

[Event "Festival Groningen-A 2024"]
[Site "Groningen"]
[Date "2024.12.21"]
[Round "1.3"]
[White "Schoppen, Casper"]
[Black "Wempe, Joost"]
[Result "1/2-1/2"]
[ECO "B30"]
[WhiteElo "2539"]
[BlackElo "2233"]
[Annotator "TA"]
[PlyCount "61"]
[EventDate "2024.12.21"]
[EventType "swiss"]
[EventCountry "NED"]
[SourceTitle "playchess.com"]
[Source "ChessBase"]
[SourceQuality "1"]
[TimeControl "40/5400+30:1800+30"]

1. e4 c5 2. Nf3 Nc6 3. Bb5 Nf6 4. Bxc6 dxc6 5. d3 Bg4 6. Nbd2 Qc7 7. h3 Bh5 8. Qe2 Nd7 9. e5 e6 10. b3 Be7 11. Bb2 O-O-O 12. O-O-O Nb6 13. c4 Rhe8 14. Qe3 Nd7 15. Rhe1 (15. g4 $5 Bg6 $8 16. Rhg1 $14) 15... b6 16. g4 Bg6 17. Ne4 f6 18. Ng3 Nxe5 19. Nxe5 fxe5 20. Bxe5 Bd6 21. h4 Bxe5 22. Qxe5 Qxe5 (22... Bxd3 $6 23. Qxc7+ Kxc7 24. Nh5 $11) 23. Rxe5 Rd4 ({Of course not} 23... Bxd3 24. Nh5 Rf8 25. Re3 $11) 24. Rg5 Re7 25. Ne2 Rxd3 26. Rxd3 ({But not} 26. Rxg6 $2 Rxd1+ 27. Kxd1 Rd7+ (27... hxg6 $2 28. Ng3 $19) 28. Ke1 hxg6 $19) 26... Bxd3 $15 {[%emt 0:00:05] KRB-KRN. Black is a pawn up.} 27. Nf4 Be4 28. Nh5 Bg6 29. Nf4 Be4 30. Nh5 $1 Bg6 31. Nf4 1/2-1/2

[Event "Festival Groningen-A 2024"]
[Site "Groningen"]
[Date "2024.12.21"]
[Round "1.4"]
[White "Bakija, Alan"]
[Black "Beerdsen, Thomas"]
[Result "0-1"]
[ECO "D10"]
[WhiteElo "2233"]
[BlackElo "2502"]
[Annotator "TA"]
[PlyCount "134"]
[EventDate "2024.12.21"]
[EventType "swiss"]
[EventCountry "NED"]
[SourceTitle "playchess.com"]
[Source "ChessBase"]
[SourceQuality "1"]
[TimeControl "40/5400+30:1800+30"]

1. d4 d5 2. c4 c6 3. cxd5 cxd5 4. Bf4 Nc6 5. e3 Nf6 6. Nc3 a6 7. Bd3 e6 8. h3 Bd6 9. Bxd6 Qxd6 10. Nf3 O-O 11. O-O b5 12. Qe2 Bb7 13. Rfd1 Rac8 14. e4 dxe4 15. Nxe4 Qe7 16. a4 Nb4 17. Nc5 Bxf3 18. Qxf3 Rfd8 19. axb5 axb5 20. Bxb5 Nc2 {[%emt 0:04:20][%csl LRa1,LRd4] A dynamic duo of knights.} 21. Ra4 {[%emt 0:00:36] Ba6 poses a challenge} Rd5 22. Qc3 Nxd4 $1 23. Rdxd4 Rdxc5 24. Rdc4 {[%emt 0:01:01] Black must now prevent Rxc5.} g6 25. Qa3 Qd6 26. Ra8 $132 {[%emt 0:02:35][%mdl 2048] White puts up resistance} (26. Rxc5 {simplifies} Rxc5 27. Bf1 Kg7 28. Rc4) 26... Rxa8 27. Qxa8+ Kg7 28. Rxc5 Qxc5 $11 {[%emt 0:00:04][%mdl 4096] Endgame KQB-KQN} 29. Qc6 (29. Qb7 $11 {remains equal.}) 29... Qb4 $17 30. Be2 Qxb2 31. Bf3 h5 32. Qc5 e5 (32... h4 $17 33. Qc4 Qa1+ 34. Kh2 Qe5+ 35. Kg1 Qa1+) 33. Qe3 {[%emt 0:00:17] [#]} ({White should try} 33. g3 $1 $15) 33... e4 $1 34. Be2 Qa1+ 35. Bf1 Qe5 36. f3 (36. Bc4 $142) 36... Qg3 37. Qf2 h4 {[%emt 0:00:10] ...exf3 is the strong threat. Black is more active.} 38. Qxg3 $4 (38. fxe4 $17 Qxf2+ (38... Nxe4 39. Qd4+ Nf6 40. Kh1 $17) 39. Kxf2) 38... hxg3 $19 39. fxe4 Nxe4 $17 {[%emt 0:00:06] ( -> ...Nd2). KB-KN. Black is a pawn up.} 40. Bc4 Nd2 41. Bd5 g5 42. Bc6 f6 43. Bd5 Kf8 44. Bc6 Ke7 45. Bd5 Kd6 46. Bf7 Ke5 47. Bg6 Kd4 48. Bf5 Ke3 49. Bg4 Ne4 50. Bf5 Nc3 51. Bg4 Kd2 52. Kf1 Nd1 53. Bd7 Ne3+ 54. Kg1 Ke1 55. Bc8 Nc2 56. Bd7 Nd4 57. Bc8 Ne2+ 58. Kh1 Kf2 59. Bf5 Nf4 60. Be4 Kf1 61. Bc6 Ng6 62. Bd5 Nh4 63. Bc6 f5 64. Be4 f4 65. Bd3+ Kf2 66. Bf1 f3 67. gxf3 Kxf1 0-1

[Event "Festival Groningen-A 2024"]
[Site "Groningen"]
[Date "2024.12.21"]
[Round "1.5"]
[White "Poetsch, Hagen"]
[Black "Vijayakumar, Rishi"]
[Result "1/2-1/2"]
[ECO "A04"]
[WhiteElo "2491"]
[BlackElo "2204"]
[Annotator "TA"]
[PlyCount "45"]
[EventDate "2024.12.21"]
[EventType "swiss"]
[EventCountry "NED"]
[SourceTitle "playchess.com"]
[Source "ChessBase"]
[SourceQuality "1"]
[TimeControl "40/5400+30:1800+30"]

1. Nf3 Nf6 2. g3 c5 3. Bg2 Nc6 4. O-O e5 5. e4 d6 6. Re1 g6 7. c3 Bg7 8. d4 cxd4 9. cxd4 Bg4 10. d5 {[%emt 0:00:39] [#]} Nd4 11. Be3 O-O 12. Nbd2 Rc8 13. Bxd4 exd4 14. h3 Bxf3 15. Nxf3 Nd7 16. Nxd4 Qb6 17. Nb3 Bxb2 18. Rb1 {[%emt 0:00:05] White is weak on the dark squares} Bf6 {[%emt 0:09:01] The position is equal.} 19. Nd2 Qa5 20. Rxb7 Nc5 21. Nb3 Qxa2 22. Nxc5 Rxc5 23. Qb1 {[%emt 0:02:29] Weighted Error Value: White=0.05 (flawless) /Black=0.02 (flawless) .  Mistake:       	White=1     	---        Inaccurate:     	White=1     	---        OK:         	White=9     	Black=10     Best:        	---       	Black=1} (23. Re2 $11 Qa6 24. Rb1) 1/2-1/2

[Event "Festival Groningen-A 2024"]
[Site "Groningen"]
[Date "2024.12.21"]
[Round "1.6"]
[White "Sharma, Dinesh K."]
[Black "Mitusov, Semen"]
[Result "1/2-1/2"]
[ECO "B90"]
[WhiteElo "2200"]
[BlackElo "2465"]
[Annotator "TA"]
[PlyCount "78"]
[EventDate "2024.12.21"]
[EventType "swiss"]
[EventCountry "NED"]
[SourceTitle "playchess.com"]
[Source "ChessBase"]
[SourceQuality "1"]
[TimeControl "40/5400+30:1800+30"]

1. e4 c5 2. Nf3 d6 3. d4 cxd4 4. Nxd4 Nf6 5. Nc3 a6 6. h3 e5 7. Nf3 Be7 8. g4 h6 9. Rg1 Qc7 10. g5 hxg5 11. Nxg5 Nbd7 12. Be3 Rf8 13. a4 b6 (13... g6 $14) 14. Bd3 Bb7 15. Qe2 Nc5 {[%emt 0:06:42] [#]} 16. Bxc5 (16. Bc4 $1 $16) 16... Qxc5 $11 17. Bc4 g6 18. Bb3 Nh5 19. O-O-O Nf4 20. Qe3 Bxg5 (20... Rc8 {with more complications.} 21. h4 b5 22. axb5 axb5 23. Rg4 Bc6) 21. Rxg5 O-O-O 22. Rg3 f6 23. Qf3 f5 24. Bd5 Bxd5 25. Nxd5 Nxd5 (25... fxe4 $1 $11 26. Qxe4 Nxd5 27. Rxd5 Qxf2) 26. Rxd5 $16 Qc4 27. Qd1 (27. Rxg6 fxe4 28. Qg4+ Kb7 29. Rgxd6 (29. Rdxd6 Qf1+ 30. Qd1 Qxd1+ 31. Rxd1 Rxd1+ 32. Kxd1 Rxf2 $11) (29. Rg7+ Kb8 $11) 29... Rc8 30. Rd7+ (30. Rxe5 $2 Qxc2#) 30... Ka8 $11) 27... Qxa4 (27... fxe4 $2 28. Rc3 $18 (28. Rxg6 $2 {loses.} e3 $19)) 28. Kb1 {[%emt 0:01:22] Prevents Qa1+.} Rf6 29. exf5 gxf5 30. Rc3+ Kb8 31. Rxe5 {[%emt 0:00:21] Re7 would now be deadly.} Rg8 $2 (31... Rf7 $16 32. Qd3 Rg8 33. Qxd6+ Ka7 34. Rc7+ Rxc7 35. Qxc7+ Ka8) 32. Re1 Rfg6 33. Qd5 Qd7 34. Qd4 (34. h4 $18) 34... Ka7 35. Rce3 R8g7 {[%emt 0:02:05] Against Re7} 36. b3 {[%emt 0:00:10] White has more active pieces.} Rg1 {[%emt 0:00:38] [#]} (36... a5 $16) 37. Kb2 (37. h4 $1 $18) 37... Rxe1 38. Rxe1 Rh7 39. Re3 (39. h4 $16) 39... Qg7 1/2-1/2

[Event "Festival Groningen-A 2024"]
[Site "Groningen"]
[Date "2024.12.21"]
[Round "1.7"]
[White "De Winter, Arthur"]
[Black "Cernov, Henrik"]
[Result "1-0"]
[ECO "D02"]
[WhiteElo "2446"]
[BlackElo "2187"]
[Annotator "TA"]
[PlyCount "57"]
[EventDate "2024.12.21"]
[EventType "swiss"]
[EventCountry "NED"]
[SourceTitle "playchess.com"]
[Source "ChessBase"]
[SourceQuality "1"]
[TimeControl "40/5400+30:1800+30"]

1. d4 Nf6 2. Nf3 e6 3. Bf4 c5 4. e3 Nc6 5. Nbd2 d5 6. c3 cxd4 7. exd4 Nh5 8. Be3 Bd6 9. Bd3 Nf4 10. Bxf4 Bxf4 11. g3 Bh6 12. O-O O-O 13. Re1 g6 14. h4 Ne7 15. Kg2 Nf5 16. Qe2 Bg7 17. Nf1 Bd7 18. Ne3 Nd6 19. Rh1 Ne4 20. Ne5 Be8 21. h5 $1 f6 22. Nf3 gxh5 23. c4 $1 Bf7 (23... Kh8 $14) 24. cxd5 $16 exd5 {[%emt 0:00:01][%cal Of6f5] [#]} 25. Nh4 $1 {[%emt 0:00:00] White is more active.} Re8 (25... Qe8 $16 26. Rac1 Ng5) 26. Nhf5 $18 Bf8 $2 (26... Ng5 27. Rxh5 Bg6) 27. Rxh5 Bg6 {[%emt 0:03:46] [#]} (27... Bxh5 {might work better.} 28. Qxh5 Ng5) 28. Rah1 $1 {[%emt 0:00:00] Qg4 is the strong threat.} Ng5 {[%emt 0:01:55] [#]} (28... Qc8 29. Nxd5) 29. f4 $1 1-0

[Event "Festival Groningen-A 2024"]
[Site "Groningen"]
[Date "2024.12.21"]
[Round "1.8"]
[White "Grooten, Herman"]
[Black "De Boer, Eelke"]
[Result "1/2-1/2"]
[ECO "D37"]
[WhiteElo "2183"]
[BlackElo "2426"]
[Annotator "TA"]
[PlyCount "196"]
[EventDate "2024.12.21"]
[EventType "swiss"]
[EventCountry "NED"]
[SourceTitle "playchess.com"]
[Source "ChessBase"]
[SourceQuality "1"]
[TimeControl "40/5400+30:1800+30"]

1. d4 Nf6 2. c4 e6 3. Nf3 d5 4. Nc3 a6 5. cxd5 exd5 6. Bg5 Be6 7. e3 Be7 8. Bd3 O-O 9. Qc2 h6 10. Bh4 b6 11. Rd1 c5 12. dxc5 bxc5 13. Bxf6 Bxf6 {[%emt 0:00:22] [#]} 14. Bc4 $1 Bxc3+ 15. bxc3 Ra7 16. O-O Rd7 17. Be2 (17. Bd3 Rd6 18. c4 dxc4 19. Bxc4 Bxc4 20. Rxd6 Qxd6 21. Qxc4 Nd7 22. h3) 17... Qa5 18. Ne5 Rc7 19. f4 d4 20. f5 (20. exd4 cxd4 21. Rxd4 Rxc3 $15) 20... Qxa2 21. Qd3 (21. Qxa2 Bxa2 22. cxd4 cxd4 23. exd4 Rd8 24. Rc1) 21... Nd7 {[%emt 0:01:22] [#]} (21... Bb3 $14 22. Rd2 Qa5) 22. exd4 {[%emt 0:02:13] White is more active.} (22. Ng4 $1 $16 {[%cal Oe3d4] Hoping for exd4!.} Bb3 23. Rd2) 22... cxd4 $11 23. cxd4 Nxe5 24. dxe5 Bc4 25. Qd6 (25. Rd2 $11 Bxd3 26. Rxa2) 25... Bxe2 $17 26. Qxc7 Bxd1 27. Rxd1 {[%emt 0:00:29][%mdl 4096] Endgame KQR-KQR} Qe2 $36 {[%emt 0:00:10][%mdl 2048] Black is pushing.} 28. Rf1 Re8 29. e6 fxe6 30. Qd7 Rf8 31. h3 {[%emt 0:01:10] [#]} (31. f6 $142 gxf6 (31... Rxf6 32. Qe8+ Kh7 33. Rxf6 $11) 32. Qd4) 31... Qe5 (31... Rf6 $142 $1 32. Rf3 Qe1+ 33. Kh2 Qe5+ 34. Rg3 Rxf5 (34... Qxf5 35. Qxg7#) 35. Qd8+ Rf8) 32. Qa7 Qb5 (32... Rxf5 $6 33. Rxf5 Qxf5 (33... exf5 34. Qxa6 Qe3+ 35. Kh2 $11) 34. Qxa6 $11) (32... exf5 33. Qxa6 Kh7 34. Qd3 $11) (32... Rxf5 {simplifies} 33. Rxf5 Qxf5 34. Qxa6 Qe4) 33. Re1 (33. f6 $142 Rxf6 34. Rxf6 gxf6 35. Qe7) 33... Qxf5 34. Kh1 Qf2 (34... a5 $19 {has better winning chances. and ...Qd5 should not be overlooked} 35. Qc7 a4) 35. Qxf2 Rxf2 {[%emt 0:00:02] KR-KR. Black is two pawns up.} 36. Ra1 {[%emt 0:04:18] Prevents Ra2} Kf7 37. Kh2 g5 38. Rxa6 Kf6 39. Ra8 Ke5 40. Rh8 Rf6 41. Kg3 Ke4 42. Ra8 e5 43. Ra4+ Kd5 44. Ra5+ Ke6 45. Ra4 h5 46. h4 Rf4 47. Ra6+ Kf5 48. hxg5 Kxg5 49. Ra8 Rb4 50. Kf3 Rf4+ 51. Ke3 Rg4 52. Kf3 Kh4 53. Rh8 Rg3+ 54. Kf2 Rg5 55. Ra8 Rf5+ 56. Ke3 Kg4 57. Ke4 Rg5 58. Ra3 h4 59. Rf3 Rh5 60. Rf8 Rg5 (60... Kg3 $5 61. Rg8+ $8 Kh2 $11) 61. Rf3 Rg8 62. Kxe5 Re8+ 63. Kd4 Re2 64. Rf8 Rxg2 65. Ke3 Kg3 66. Rg8+ Kh2 67. Rh8 h3 68. Kf3 Rg7 69. Ra8 Rg3+ 70. Kf2 Rb3 71. Rh8 Rb7 72. Rf8 Rg7 73. Kf1 Rg1+ 74. Kf2 Rg5 75. Kf1 Kh1 76. Rf7 Rg2 77. Rf3 Kh2 78. Rf8 Rg1+ 79. Kf2 Ra1 80. Rf7 Ra2+ 81. Kf1 Ra6 82. Kf2 Rb6 83. Rf8 Kh1 84. Rf7 Rb3 85. Rf8 Rb7 86. Rf6 Kh2 87. Rf8 Rb6 88. Rf7 Rb8 89. Rf6 Rb2+ 90. Kf1 Kg3 91. Rg6+ Kf3 92. Rf6+ Kg3 93. Rg6+ Kh2 94. Rf6 Rg2 95. Rf8 Rg7 96. Rf2+ Kg3 {[%emt 0:00:22] ( -> ...Ra7)} 97. Kg1 Ra7 98. Rg2+ hxg2 1/2-1/2

[Event "Festival Groningen-A 2024"]
[Site "Groningen"]
[Date "2024.12.21"]
[Round "1.9"]
[White "Stijve, Theo"]
[Black "Ritzerveld, Noah"]
[Result "1-0"]
[ECO "C84"]
[WhiteElo "2396"]
[BlackElo "2182"]
[Annotator "TA"]
[PlyCount "95"]
[EventDate "2024.12.21"]
[EventType "swiss"]
[EventCountry "NED"]
[SourceTitle "playchess.com"]
[Source "ChessBase"]
[SourceQuality "1"]
[TimeControl "40/5400+30:1800+30"]

1. e4 e5 2. Nf3 Nc6 3. Bb5 a6 4. Ba4 Nf6 5. d4 exd4 6. O-O Be7 7. Re1 O-O 8. e5 Ne8 9. c3 dxc3 10. Nxc3 d6 11. exd6 Nxd6 12. Nd5 Be6 13. Bxc6 bxc6 14. Nxe7+ Qxe7 15. Bg5 {[%emt 0:01:30][%cal Bc1g5,Bg5e7,Be7d6][%mdl 32] Prevents Qf6} Qe8 {[%emt 0:11:09] Black is weak on the dark squares} 16. Rc1 {[%emt 0:04:49][%mdl 1024] White has compensation.} Qb8 17. b3 Bd5 18. Nd4 Re8 19. h4 (19. Nxc6 Bxc6 20. Rxc6 Qb5 21. Rxd6 (21. Rxc7 $2 Rxe1+ 22. Qxe1 Qxg5 $19) (21. Rxe8+ $2 Rxe8 22. Rxd6 cxd6 $19) 21... Rxe1+ (21... cxd6 $2 22. Be3 $19) 22. Qxe1 cxd6 $19) 19... Qb4 {[%emt 0:03:18] and ...Rxe1+ should not be overlooked} 20. Be7 (20. Nxc6 $2 Bxc6 21. Be7 Qb7 $19) 20... Be4 $2 (20... c5 $11 {and Black has nothing to worry.} 21. Bxd6 (21. Nf3 Be4 $15) 21... Qxe1+ (21... Qxd4 22. Qxd4 cxd4 23. Bxc7 $14) (21... cxd6 22. Nf5 $15) 22. Qxe1 Rxe1+ 23. Rxe1 cxd6 (23... cxd4 24. Bxc7 Rc8 25. Ba5 $16)) 21. Rxe4 $18 ({Not} 21. Nxc6 Qb5 22. a4 Qf5 $14) 21... c5 22. Bxd6 Rxe4 23. Bxc5 Qb7 24. Nf3 Rae8 25. Be3 c6 26. Qc2 R4e6 $2 (26... Qe7 27. Qxc6 Re6) 27. Ng5 Rg6 28. h5 Rh6 {[%emt 0:02:22] [#]} 29. Nxf7 $1 Qxf7 30. Bxh6 gxh6 31. Qxc6 {[%emt 0:03:06][%mdl 4096] Endgame KQR-KQR. White is two pawns up.} Re6 (31... Rf8 $142 32. Qc4 (32. Qxa6 Qxf2+ 33. Kh1 Qh4+ 34. Kg1 Qf2+ 35. Kh1 Qh4+ 36. Kg1 Qd4+ 37. Kh1 Qh4+ $11) 32... a5 33. Qxf7+ Rxf7) 32. Qc8+ Kg7 33. Rc7 Re7 34. Qg4+ Kh8 35. Qd4+ Kg8 36. Qd8+ Re8 37. Rxf7 Rxd8 {[%emt 0:00:12] KR-KR. White is two pawns up.} 38. Rf6 a5 39. Rf5 {[%emt 0:05:00] Dodges Rd5} (39. Rxh6 Rd1+ 40. Kh2 Rd2 $18) 39... a4 (39... Ra8 $142 40. a4 Kg7) 40. bxa4 Rd4 41. a5 Ra4 42. Kf1 Rxa2 43. Ke1 Rc2 44. Kd1 Ra2 45. Kc1 {[%emt 0:00:08] aiming for Kb1.} Kg7 46. Kb1 Ra4 47. Kb2 Rg4 48. g3 1-0

[Event "Festival Groningen-A 2024"]
[Site "Groningen"]
[Date "2024.12.21"]
[Round "1.10"]
[White "Keuning, Selwin"]
[Black "Maatman, Nick"]
[Result "0-1"]
[ECO "B22"]
[WhiteElo "2180"]
[BlackElo "2375"]
[Annotator "RC"]
[PlyCount "136"]
[EventDate "2024.12.21"]
[EventType "swiss"]
[EventCountry "NED"]
[SourceTitle "playchess.com"]
[Source "ChessBase"]
[SourceQuality "1"]
[TimeControl "40/5400+30:1800+30"]

1. e4 c5 2. c3 Nf6 3. e5 Nd5 4. Nf3 d6 5. d4 cxd4 6. cxd4 Nc6 7. Bc4 dxe5 8. Nxe5 e6 9. O-O Be7 10. Nxc6 bxc6 11. Nc3 O-O 12. Qd3 a5 13. Rd1 a4 14. Qe4 Ba6 15. Bd3 Bxd3 16. Rxd3 Nxc3 17. Rxc3 Qd5 18. Qc2 Bf6 19. Be3 Rfb8 20. Rc5 Rxb2 21. Qc1 Qd6 22. Rxc6 Qd5 23. Rc5 Qb7 24. Rc7 Qb8 25. a3 Rb3 26. g3 h6 27. Qc6 Qf8 28. Kg2 Rbb8 29. Ra2 Rd8 30. Rd7 Rxd7 31. Qxd7 Be7 32. Qc6 Ra5 33. Rc2 Bxa3 34. Qb7 Ra8 35. Rc7 Rb8 36. Qa7 Bd6 37. Rd7 a3 38. d5 Ra8 39. Qb6 a2 40. Bd4 e5 41. Ba1 Bc5 42. Qc6 Qe8 43. Rb7 Qxc6 44. dxc6 Rc8 45. Rb2 Rxc6 46. Rxa2 Bd6 47. Kf3 f5 48. Ra5 e4+ 49. Ke3 Bc5+ 50. Bd4 Bxd4+ 51. Kxd4 g6 52. Ke5 h5 53. Ra7 Kf8 54. h4 Rb6 55. Ra3 Kg7 56. f3 exf3 57. Rxf3 Rb4 58. Re3 Rg4 59. Ra3 Re4+ 60. Kd5 Re7 61. Kd6 Kf6 62. Rb3 Re8 63. Ra3 g5 64. Kd5 gxh4 65. gxh4 f4 66. Ra7 Kf5 67. Rg7 Rd8+ 68. Kc4 f3 0-1

[Event "Festival Groningen-A 2024"]
[Site "Groningen"]
[Date "2024.12.21"]
[Round "1.11"]
[White "Palchuk, Andrii"]
[Black "Mareau, Timothe"]
[Result "1/2-1/2"]
[ECO "A87"]
[WhiteElo "2372"]
[BlackElo "2168"]
[Annotator "RC"]
[PlyCount "43"]
[EventDate "2024.12.21"]
[EventType "swiss"]
[EventCountry "NED"]
[SourceTitle "playchess.com"]
[Source "ChessBase"]
[SourceQuality "1"]
[TimeControl "40/5400+30:1800+30"]

1. d4 f5 2. g3 Nf6 3. Bg2 g6 4. Nf3 Bg7 5. O-O d6 6. c4 O-O 7. Qc2 Qe8 8. d5 e5 9. dxe6 Nc6 10. Nc3 Bxe6 11. Nb5 Nb4 12. Qc3 Na6 13. Qc2 Nb4 14. Qd1 Qe7 15. Bd2 Bxc4 16. Na3 d5 17. Nxc4 dxc4 18. Qc1 Nbd5 19. Qxc4 c6 20. Rad1 Rfe8 21. Rfe1 Kh8 22. Bc1 1/2-1/2

[Event "Festival Groningen-A 2024"]
[Site "Groningen"]
[Date "2024.12.21"]
[Round "1.12"]
[White "Hummel, Paul"]
[Black "Slagboom, Leandro"]
[Result "1/2-1/2"]
[ECO "E62"]
[WhiteElo "2160"]
[BlackElo "2370"]
[Annotator "RC"]
[PlyCount "70"]
[EventDate "2024.12.21"]
[EventType "swiss"]
[EventCountry "NED"]
[SourceTitle "playchess.com"]
[Source "ChessBase"]
[SourceQuality "1"]
[TimeControl "40/5400+30:1800+30"]

1. d4 Nf6 2. c4 g6 3. Nf3 Bg7 4. g3 d6 5. Bg2 O-O 6. O-O Bg4 7. h3 Bxf3 8. Bxf3 Nc6 9. Nc3 e5 10. Bxc6 exd4 11. Bxb7 Rb8 12. Bg2 dxc3 13. bxc3 Nd7 14. Be3 Nc5 15. Qc2 Qf6 16. Bxc5 dxc5 17. Rad1 Qxc3 18. Qxc3 Bxc3 19. Rd3 Ba5 20. Ra3 Bb6 21. Rd1 Rfd8 22. Rad3 Rxd3 23. Rxd3 Ba5 24. Rd7 Rb1+ 25. Kh2 Rb2 26. Bd5 Rxe2 27. Rxf7 Kh8 28. g4 g5 29. a4 Bc3 30. Kg2 Bd4 31. a5 Ra2 32. Be4 Kg8 33. Rxc7 Rxf2+ 34. Kg3 Be5+ 35. Kxf2 Bxc7 1/2-1/2

[Event "Festival Groningen-A 2024"]
[Site "Groningen"]
[Date "2024.12.21"]
[Round "1.13"]
[White "Smeets, Kobe"]
[Black "Duson, Robin"]
[Result "1-0"]
[ECO "C95"]
[WhiteElo "2349"]
[BlackElo "2159"]
[Annotator "RC"]
[PlyCount "63"]
[EventDate "2024.12.21"]
[EventType "swiss"]
[EventCountry "NED"]
[SourceTitle "playchess.com"]
[Source "ChessBase"]
[SourceQuality "1"]
[TimeControl "40/5400+30:1800+30"]

1. e4 e5 2. Nf3 Nc6 3. Bb5 a6 4. Ba4 Nf6 5. O-O Be7 6. Re1 b5 7. Bb3 d6 8. c3 O-O 9. h3 Nb8 10. d4 Nbd7 11. Nbd2 Bb7 12. Bc2 Re8 13. Nf1 Bf8 14. Ng3 g6 15. a4 Bg7 16. Bd3 b4 17. dxe5 Nxe5 18. Nxe5 Rxe5 19. cxb4 d5 20. f4 Rxe4 21. Nxe4 dxe4 22. Bc4 Qe7 23. Qb3 Rd8 24. Be3 Nd5 25. Bc5 Qh4 26. Rad1 Nxf4 27. Bxf7+ Kh8 28. Qe3 Nd3 29. Rf1 Nxb2 30. Qf4 Qf6 31. Qxf6 Bxf6 32. Rxd8+ 1-0

[Event "Festival Groningen-A 2024"]
[Site "Groningen"]
[Date "2024.12.21"]
[Round "1.14"]
[White "De Boer, Bas"]
[Black "Kollen, Zyon"]
[Result "0-1"]
[ECO "D35"]
[WhiteElo "2157"]
[BlackElo "2344"]
[Annotator "RC"]
[PlyCount "86"]
[EventDate "2024.12.21"]
[EventType "swiss"]
[EventCountry "NED"]
[SourceTitle "playchess.com"]
[Source "ChessBase"]
[SourceQuality "1"]
[TimeControl "40/5400+30:1800+30"]

1. d4 Nf6 2. c4 e6 3. Nf3 d5 4. cxd5 exd5 5. Nc3 c6 6. Qc2 Bd6 7. Bg5 Be6 8. e3 Nbd7 9. Bd3 Qc7 10. Bh4 h6 11. Bg3 Bxg3 12. hxg3 O-O-O 13. O-O-O Ne8 14. Kb1 Nd6 15. Ka1 Rhe8 16. Rc1 Kb8 17. Nd2 Rc8 18. Ne2 c5 19. dxc5 Nxc5 20. Nb3 Nxd3 21. Qxd3 Qb6 22. Qd4 Ne4 23. Qxb6 axb6 24. Rxc8+ Bxc8 25. Rf1 Bf5 26. Nf4 Rd8 27. Nd4 Bh7 28. g4 g5 29. Nh3 Re8 30. Re1 Nc5 31. Rh1 Be4 32. Rh2 Nd3 33. Nb5 Ne1 34. Nd6 Rd8 35. Nxf7 Rc8 36. b3 Rc1+ 37. Kb2 Nd3+ 38. Ka3 Rc5 39. b4 Rc3+ 40. Ka4 Nb2+ 41. Kb5 Bd3+ 42. Kxb6 Rc6+ 43. Ka5 b6# 0-1